cohdb
Replays
Latest Replays
All Replays
Popular Replays
Top Player Replays
Match Explorer
How It Works
Community
CoH3 Stats
Reddit
Sign in to upload your games and track your stats! →
Sign in with Steam
Match 47146635
Unlisted
Match 47146635
Overview
Messages
Build Orders
End
Construct Barracks
Engineer Squad
Riflemen Squad
Riflemen Squad
Construct Weapon Support Center
M1919 Machine Gun Team
Selects Heavy Weapons
Selects M2HB .50cal Heavy Machine Gun
Riflemen Squad
Construct Medical Station
Selects Assault Carriers
Air Support Center
Grenade Package
M1919 Machine Gun Team
M3 Assault Carrier
P-47 Strafing Run
Selects Halftrack Strongpoints
Construct Tank Depot
P-47 Strafing Run
Riflemen Squad
P-47 Dive Bomb
P-47 Strafing Run
Riflemen Squad
M1 Mortar Team
P-47 Strafing Run
Riflemen Squad
P-47 Strafing Run
Selects Towed M5 3-inch Anti-tank Gun
M4(105) Sherman Bulldozer
M18 Hellcat Tank Destroyer
M1918 Browning Automatic Rifles
Selects Rapid Reposition
Selects Bolstered Team Weapons
M1919 Machine Gun Team
P-47 Strafing Run
M4(105) Sherman Bulldozer
P-47 Strafing Run
Nukepapa
CoolBeans
CPU - Recruit
Motivated
0
0
Comments
sign in to comment!
No comments posted yet!